 Dungeon Crawl Stone Soup version 0.27-a0-1325-g58a489ad9e (webtiles) character file.

Game seed: 10052537187298736744

6195 HAL9000 the Covert (level 10, -8/53 HPs)
             Began as a Vine Stalker Brigand on June 24, 2021.
             Was an Initiate of Dithmenos.
             Mangled by a cane toad (12 damage)
             ... on level 1 of the Lair of Beasts.
             The game lasted 00:22:19 (7831 turns).

HAL9000 the Covert (Vine Stalker Brigand)           Turns: 7831, Time: 00:22:20

Health: -8/53      AC: 11    Str: 17    XL:     10   Next: 91%
Magic:  0/11       EV: 11    Int: 11    God:    Dithmenos [......]
Gold:   538        SH:  7    Dex: 16    Spells: 9/9 levels left

rFire    . . .     SeeInvis +   n - +2 dagger (vamp)
rCold    . . .     Faith    .   D - +2 buckler {reflect}
rNeg     . . .     Spirit   +   E - +0 troll leather armour
rPois    .         Reflect  +   o - +1 helmet
rElec    .         Harm     .   c - +0 cloak
rCorr    .         Rampage  .   (no gloves)
Will     +....                  (no boots)
Stlth    +++++.....             (no amulet)
HPRegen  2.17/turn              h - ring of see invisible
MPRegen  0.12/turn              s - +4 ring of protection

@: lethally poisoned (-8 -> -10), hasted, very quick
A: fangs 3, regeneration 1, magic shield, antimagic bite, no potion heal 2
a: Renounce Religion


You were on level 1 of the Lair of Beasts.
You worshipped Dithmenos.
Dithmenos was noncommittal.
You visited 3 branches of the dungeon, and saw 11 of its levels.
You also visited: Ossuary.

You collected 538 gold pieces.

Inventory:

Hand Weapons
 n - a +2 vampiric dagger (weapon)
Missiles
 d - 36 poisoned darts (quivered)
 e - a curare-tipped dart
 H - 3 boomerangs
Armour
 b - a +0 robe
 c - a +0 cloak (worn)
 o - a +1 helmet (worn)
 D - a +2 buckler of reflection (worn)
 E - a +0 troll leather armour (worn)
Jewellery
 h - a ring of see invisible (left hand)
 m - a ring of fire
 s - a +4 ring of protection (right hand)
 u - a ring of willpower
 B - a ring of flight
 G - a ring of poison resistance
Wands
 F - a wand of charming (7)
 I - a wand of acid (4)
 J - a wand of iceblast (4)
Scrolls
 g - 3 scrolls of teleportation
 i - a scroll of enchant weapon {unknown}
 k - 2 scrolls of fear {unknown}
 r - 2 scrolls of fog {unknown}
 t - a scroll of noise {unknown}
 v - 3 scrolls of magic mapping {unknown}
 w - a scroll of vulnerability {unknown}
 y - 3 scrolls of enchant armour
 A - 2 scrolls of brand weapon {unknown}
 C - 2 scrolls of immolation {unknown}
Potions
 a - a potion of might
 f - a potion of magic
 j - 3 potions of mutation
 l - 3 potions of flight
 p - a potion of ambrosia
 q - 10 potions of curing
 z - 2 potions of cancellation


   Skills:
 - Level 6.1 Fighting
 - Level 10.1 Short Blades
 - Level 4.5 Throwing
 - Level 0.7 Dodging
 + Level 11.0 Stealth
 - Level 4.0 Shields


You had 9 spell levels left.
You didn't know any spells.
Your spell library was empty.

Dungeon Overview and Level Annotations

Branches:
Dungeon (9/15)             Temple (1/1) D:4            Lair (1/6) D:9
Ossuary (visited)
    Orc: D:9-12

Altars:
Ashenzari
Cheibriados
Dithmenos
Elyvilon
Fedhas
Gozag
Hepliaklqana
Makhleb
Nemelex Xobeh
Okawaru
Qazlal
Ru
Sif Muna
Trog
Uskayaw
Vehumet
Wu Jian
Xom
Yredelemnul
Zin
The Shining One

Shops:
D:2 (

Annotations:
D:7 BOOK
D:8 1 runed translucent door, confidenceinterval's ghost, novice HOFi


Innate Abilities, Weirdness & Mutations

You have razor-sharp teeth.
Your natural rate of healing is unusually fast.
When hurt, damage is shared between your health and your magic reserves.
Your bite disrupts and absorbs the magic of your enemies.
Potions cannot restore your health.


Message History

The cane toad stings you!
You are poisoned.
The cane toad poisons you!
You barely miss the cane toad. You bite the cane toad. You drain its power.
You feel invigorated.
The cane toad is lightly wounded.
You feel very sick.
You feel very sick. The cane toad stings you.
You are more poisoned.
The cane toad poisons you!
You hit the cane toad.
You feel better.
You bite the cane toad. You drain its power.
You feel invigorated.
The cane toad is moderately wounded.
You feel very sick. You block the cane toad's attack.
You feel extremely sick. The cane toad misses you.
You hit the cane toad.
You bite the cane toad, but do no damage.
The cane toad is moderately wounded.
You feel very sick. You block the cane toad's attack.
You hit the cane toad but do no damage. You bite the cane toad.
You drain its power.
The cane toad is heavily wounded.
You feel very sick.
You hit the cane toad but do no damage.
The cane toad is heavily wounded.
You feel very sick. You block the cane toad's attack.
You completely miss the cane toad.
The cane toad is heavily wounded.
You feel sick. The cane toad stings you!
* * * LOW HITPOINT WARNING * * *
You feel yourself speed up.
* * * LOW HITPOINT WARNING * * *
You feel very sick. The cane toad stings you!
You die...

.#.###.#..#P.#.###.####
##..#.P# ..##
####.##.#.###.###
#......
...#####.###.#.......#
## P......
.##..##............#....
.......
.###^#.#..##....##.# .#
.##..... ##
##.##.##..#..##.#..##
.#. #.##.###....#......#
> ..##.# ..##.#...#.##
#.###.#..# #.@.....# ##
#.##....F........#
P..#...........#..#
#.....#...P.....
#...#.#...######
#.....##.#.# ........
.### ........ ..


You could see a cane toad.

Vanquished Creatures
  A boulder beetle (D:6)
  A two-headed ogre (D:7)
  A cane toad (Lair:1)
  A komodo dragon (Lair:1)
  A troll (D:7)
  A wyvern (D:8)
  A wraith (D:6)
  3 water moccasins
  An orc warrior (D:6)
  An ice beast (D:7)
  A sky beast (D:7)
  3 black bears
  2 necrophages
  3 wolves
  3 ogres
  2 phantoms
  7 elf zombies (Ossuary)
  4 scorpions
  An elf skeleton (D:5)
  A water moccasin zombie (D:6)
  A wyvern skeleton (D:6)
  2 killer bees (D:7)
  2 wights (D:7)
  An electric eel (D:9)
  2 howler monkeys (D:7)
  A bullfrog zombie (D:5)
  8 hounds
  3 centaur zombies (Ossuary)
  2 human zombies (Ossuary)
  A gnoll shaman (D:9)
  2 iguanas (D:7)
  An orc priest (D:9)
  2 human skeletons (D:5)
  4 orc wizards
  3 mummies (Ossuary)
  2 howler monkey zombies
  Robin (D:2)
  3 gnolls (D:9)
  4 adders
  2 howler monkey skeletons
  2 white imps
  An adder zombie (D:5)
  A dart slug (D:3)
  20 orcs
  8 endoplasms
  3 giant cockroaches (D:2)
  9 goblins
  11 hobgoblins
  8 jackals
  5 ball pythons
  4 bats
  2 frilled lizards
  7 kobolds
  An orc skeleton (D:5)
  2 orc zombies (D:5)
  6 rats
176 creatures vanquished.

Vanquished Creatures (others)
  A fungus (D:8)
  17 plants
18 creatures vanquished.

Grand Total: 194 creatures vanquished

Notes
Turn   | Place    | Note
-------+----------+-------------------------------------------
     0 | D:1      | HAL9000 the Vine Stalker Brigand began the quest for the
                  | Orb.
     0 | D:1      | Reached XP level 1. HP: 11/11 MP: 2/2
   214 | D:1      | Reached XP level 2. HP: 15/15 MP: 3/3
   394 | D:1      | Found a faded altar of an unknown god.
   896 | D:2      | Noticed Robin
   899 | D:2      | Reached XP level 3. HP: 16/18 MP: 2/4
   914 | D:2      | Killed Robin
  1523 | D:2      | Found Liraocku's Weapon Shoppe.
  1956 | D:3      | Gained mutation: Your natural rate of healing is unusually
                  | fast. [Vine Stalker growth]
  1956 | D:3      | Reached XP level 4. HP: 23/23 MP: 3/5
  2081 | D:3      | Reached XP level 5. HP: 26/26 MP: 6/6
  2478 | D:3      | Found a basalt altar of Yredelemnul.
  2478 | D:3      | Found a glowing silver altar of Zin.
  2507 | D:4      | Reached skill level 5 in Short Blades
  2587 | D:4      | Noticed a black bear
  2600 | D:4      | Killed a black bear
  2601 | D:4      | Reached skill level 6 in Stealth
  2601 | D:4      | Reached XP level 6. HP: 30/30 MP: 5/7
  2798 | D:4      | Noticed a necrophage
  2829 | D:4      | Killed a necrophage
  2830 | D:4      | Reached skill level 7 in Stealth
  2853 | D:4      | Found a staircase to the Ecumenical Temple.
  2861 | D:4      | Reached skill level 8 in Stealth
  2861 | D:4      | Reached XP level 7. HP: 34/34 MP: 8/8
  2867 | Temple   | Entered the Ecumenical Temple
  3106 | D:4      | Identified the +3 war axe "Qyurif" {pain, Dex+4 SInv}
  3338 | D:5      | Entered Level 5 of the Dungeon
  3340 | D:5      | Reached skill level 9 in Stealth
  3531 | D:5      | Reached skill level 10 in Stealth
  3670 | D:5      | Found an opulent altar of Gozag.
  3782 | D:5      | Gained mutation: You have razor-sharp teeth. [Vine Stalker
                  | growth]
  3782 | D:5      | Reached XP level 8. HP: 39/39 MP: 9/9
  3808 | D:5      | Found a sand-covered staircase.
  3813 | Ossuary  | Entered an ossuary
  4441 | D:6      | Reached XP level 9. HP: 44/44 MP: 10/10
  4448 | D:6      | Noticed a boulder beetle
  4492 | D:6      | Killed a boulder beetle
  4556 | D:6      | Noticed a cyclops
  4658 | D:6      | Found a hide-covered altar of Uskayaw.
  4722 | D:6      | Reached skill level 5 in Fighting
  4999 | D:6      | HP: 2/47 [wraith (4)]
  5429 | D:7      | Noticed an eight-headed hydra
  5546 | D:7      | Reached XP level 10. HP: 52/52 MP: 11/11
  5640 | D:7      | Reached skill level 10 in Short Blades
  6123 | D:7      | Noticed a two-headed ogre
  6178 | D:7      | Killed a two-headed ogre
  6437 | D:7      | Noticed a green ugly thing
  6444 | D:7      | Noticed a five-headed hydra
  6444 | D:7      | Noticed a cyclops
  6543 | D:8      | Found a shadowy altar of Dithmenos.
  6559 | D:8      | Became a worshipper of Dithmenos the Shadowed
  6634 | D:7      | Reached skill level 1 in Shields
  7013 | D:8      | Found a runed translucent door.
  7015 | D:8      | Noticed confidenceinterval's ghost (novice HOFi)
  7015 | D:8      | Identified the +6 trident "Elugau" {vorpal, rElec Str+2
                  | Int+4 Dex+2}
  7369 | D:9      | Found a staircase to the Lair.
  7558 | Lair:1   | Entered Level 1 of the Lair of Beasts
  7768 | Lair:1   | Noticed a cane toad
  7772 | Lair:1   | Killed a cane toad
  7773 | Lair:1   | Reached skill level 11 in Stealth
  7815 | Lair:1   | Noticed a cane toad
  7831 | Lair:1   | Mangled by a cane toad

Illustrated notes

Levels and vault maps discovered:
D:1:      shiori_arrival_elements, layout_rooms,
          ebering_ecumenical_altar_abandoned
D:2:      layout_basic, serial_shops, shop, uniq_robin
D:3:      layout_loops_ring, gammafunk_temple_overflow_wave, minmay_circle_x
D:4:      layout_basic, minmay_temple_entry_statues_fountains
D:5:      layout_loops_ring, nicolae_gozag_seed_capital,
          nicolae_ossuary_entry_catacombs, st_stairs_13
D:6:      layout_loops_ring, general_overflow_altar, minmay_strange_pillars,
          kb_rosetta
D:7:      nzn_winding_woodlands_large [nzn_winding_woodlands_5x5_checkerboard,
          nzn_winding_woodlands_5x15_twine, nzn_winding_woodlands_5x5_default,
          nzn_winding_woodlands_center_pierced_h,
          nzn_winding_woodlands_15x15_eel_pit,
          nzn_winding_woodlands_center_garden,
          nzn_winding_woodlands_5x5_default, nzn_winding_woodlands_5x15_eye,
          nzn_winding_woodlands_5x5_default], layout_basic,
          kiku_gazebo_pond_becter
D:8:      layout_rooms, grunt_dithmenos_smoke_and_mirrors,
          ebering_ghost_funeral_grove
D:9:      layout_long_grid, erik_lair_island, uniq_grum
Temple:   nicolae_temple_x_marks_the_god
Lair:1:   layout_loops_ring, chequers_serial_rivers_marsh

Skill      XL: |  1  2  3  4  5  6  7  8  9 10 |
---------------+-------------------------------+-----
Short Blades   | 2 3 4 5 7 9 10 | 10.1
Stealth        | 6 8 10 11 | 11.0
Fighting       | 3 5 6 |  6.1
Throwing       | 4 |  4.5
Shields        | 4 |  4.0
Dodging        | |  0.7

Action                   |  1- 3 |  4- 6 |  7- 9 | 10-12 || total
-------------------------+-------+-------+-------+-------++-------
Melee: Dagger            |   115 |   133 |   400 |   319 ||   967
       Bite              |    23 |    35 |   162 |   103 ||   323
Throw: Dart              |     5 |    10 |    13 |    31 ||    59
  Use: Scroll            |       |       |    10 |     5 ||    15
       Potion            |       |       |       |     1 ||     1
 Stab: Sleeping          |    10 |     4 |    21 |     2 ||    37
Armor: Robe              |    27 |    29 |    81 |    43 ||   180
       Troll leather arm |       |       |       |    28 ||    28
Dodge: Dodged            |    64 |    67 |    83 |    91 ||   305
Block: Buckler           |       |       |       |    29 ||    29

Table legend: (Time is in decaauts)
 A = Elapsed time spent in this place.
 B = Non-inter-level travel time spent in this place.
 C = Inter-level travel time spent in this place.
 D = Time resting spent in this place.
 E = Time spent auto-exploring this place.
 F = Levels seen in this place.
 G = Mean time per level.
                   A        B        C        D        E       F      G
               +--------+--------+--------+--------+--------+-----+--------+
         Total |   7588 |   7174 |    414 |    271 |   4855 |  12 |  632.3 |
       Dungeon |   6991 |   6577 |    414 |    259 |   4528 |   9 |  776.8 |
        Temple |     58 |     58 |      0 |      0 |     50 |   1 |   58.0 |
          Lair |    258 |    258 |      0 |     12 |    213 |   1 |  258.0 |
       Ossuary |    279 |    279 |      0 |      0 |     63 |   1 |  279.0 |
               +--------+--------+--------+--------+--------+-----+--------+

Top non-repeatable levels by time:
     D:2: 1131 daAuts
     D:7: 1124 daAuts
     D:6: 1025 daAuts
     D:4: 776 daAuts
     D:5: 726 daAuts
     D:3: 672 daAuts
     D:1: 642 daAuts
     D:8: 619 daAuts
 Ossuary: 279 daAuts
     D:9: 273 daAuts
  Lair:1: 258 daAuts
  Temple: 58 daAuts
